 Dungeon Crawl Stone Soup version 0.20.1-1-g8b1a95d (webtiles) character file.

9155 tailblues the Thaumaturge (level 11, -2/91 HPs)
             Began as a Deep Elf Wizard on Oct 29, 2017.
             Was a Believer of Sif Muna.
             Killed from afar by Josephine (22 damage)
             ... with a ghostly fireball
             ... on level 9 of the Dungeon.
             The game lasted 01:24:45 (18396 turns).

tailblues the Thaumaturge (Deep Elf Wizard)        Turns: 18396, Time: 01:24:46

Health: -2/91      AC:  8    Str:  9    XL:     11   Next: 19%
Magic:  1/29       EV: 16    Int: 24    God:    Sif Muna [**....]
Gold:   358        SH:  0    Dex: 16    Spells: 9/34 levels left

rFire    + . .     SeeInvis .   b - +0 rapier
rCold    . . .     Gourm    .   (no shield)
rNeg     . . .     Faith    .   p - +2 robe {rF+}
rPois    .         Spirit   .   D - +0 hat
rElec    .         Reflect  .   (no cloak)
rCorr    +         Harm     .   z - +2 pair of gloves
MR       ++...                  (no boots)
Stlth    ..........             E - amulet of regeneration
Regen    0.7/turn               x - ring of stealth
MPRegen  0.3/turn               s - ring of resist corrosion

@: berserking, very slightly contaminated, heavily drained, very quick
A: rugged brown scales 1, magic resistance 1, subdued magic 1
a: Divine Energy, Renounce Religion


You were on level 9 of the Dungeon.
You worshipped Sif Muna.
Sif Muna was pleased with you.
You were hungry.

You visited 2 branches of the dungeon, and saw 10 of its levels.

You collected 358 gold pieces.

Inventory:

Hand Weapons
 a - a +0 shortbow
 b - a +0 rapier (weapon)
 c - the +1 trident of Vumulinn {pierce, *Corrode rPois rF+ Dex+4}
   (You found it on level 4 of the Dungeon)

   It inflicts extra damage upon your enemies.
   It affects your dexterity (+4).
   It protects you from fire.
   It protects you from poison.
   It may corrode you when you take damage.
 n - a +0 great sword
 y - the +1 hunting sling of Fixation {venom, +Fly}
   (You found it on level 4 of the Dungeon)

   It poisons the ammo it fires.
   It lets you fly.
 B - a +2 trident of venom
 F - a +2 long sword of slicing
 O - a +1 falchion of flaming
Missiles
 f - 157 arrows
Armour
 i - a +0 leather armour
 o - a +0 robe
 p - a +2 robe of fire resistance (worn)
 r - a +2 robe of cold resistance
 z - a +2 pair of gloves (worn)
 D - a +0 hat (worn)
Jewellery
 s - a ring of resist corrosion (right hand)
 x - a ring of stealth (left hand)
 E - an amulet of regeneration (around neck)
 N - an uncursed amulet of the gourmand
Wands
 g - a wand of enslavement (9/24)
 u - a wand of polymorph (1/24)
 G - a wand of disintegration (11/24)
 H - a wand of random effects (19/48)
Scrolls
 j - a scroll of magic mapping
 A - 2 scrolls of enchant weapon
 K - a scroll of enchant armour
 M - 2 scrolls of identify
Potions
 l - 6 potions of brilliance
 m - a potion of haste
 C - 2 potions of lignification
Books
 k - a book of Misfortune

   Spells                             Type                      Level
   a - Confusing Touch                Hexes                        1
   b - Confuse                        Hexes                        3
   c - Gell's Gravitas                Translocation                3
   d - Petrify                        Transmutation/Earth          4
   e - Metabolic Englaciation         Hexes/Ice                    5
   f - Yara's Violent Unravelling     Hexes/Transmutation          5
 t - a book of Minor Magic

   Spells                             Type                      Level
   a - Magic Dart                     Conjuration                  1
   b - Blink                          Translocation                2
   c - Call Imp                       Summoning                    2
   d - Slow                           Hexes                        2
   e - Conjure Flame                  Conjuration/Fire             3
   f - Mephitic Cloud                 Conjuration/Poison/Air       3
 w - a book of Flames

   Spells                             Type                      Level
   a - Flame Tongue                   Conjuration/Fire             1
   b - Throw Flame                    Conjuration/Fire             2
   c - Conjure Flame                  Conjuration/Fire             3
   d - Inner Flame                    Hexes/Fire                   3
   e - Sticky Flame                   Conjuration/Fire             4
   f - Fireball                       Conjuration/Fire             5
 L - the Compendium of Transmigration
   (You found it on level 7 of the Dungeon)

   Spells                             Type                      Level
   a - Spider Form                    Transmutation/Poison         3
   b - Yara's Violent Unravelling     Hexes/Transmutation          5
   c - Alistair's Intoxication        Transmutation/Poison         5
   d - Hydra Form                     Transmutation                6
Comestibles
 d - 7 bread rations
 h - 4 meat rations
 q - 8 royal jellies
 v - 18 fruits
 I - 2 chunks of flesh


   Skills:
 + Level 3.9(1.7) Fighting
 + Level 3.5(1.3) Short Blades
 + Level 1.2(0.0) Polearms
 + Level 7.0(4.5) Bows
 + Level 8.6(6.0) Dodging
 + Level 5.7(3.4) Stealth
 + Level 12.1(9.3) Spellcasting
 + Level 4.5(2.2) Conjurations
 + Level 1.5(0.0) Hexes
 + Level 5.6(3.2) Summonings
 + Level 3.1(0.9) Translocations
 + Level 2.9(0.7) Fire Magic
 + Level 2.8(0.6) Air Magic
 + Level 2.6(0.5) Poison Magic
 + Level 0.2(0.0) Evocations


You had 9 spell levels left.
You knew the following spells:

 Your Spells              Type           Power        Failure   Level  Hunger
a - Magic Dart            Conj           ###.         1%          1    None
b - Call Imp              Summ           ###.....     1%          2    None
c - Conjure Flame         Conj/Fire      ##......     7%          3    None
d - Mephitic Cloud        Conj/Pois/Air  ##......     9%          3    None
e - Confuse               Hex            #.......     14%         3    None
f - Throw Flame           Conj/Fire      ##....       3%          2    None
g - Sticky Flame          Conj/Fire      ##......     26%         4    ##.....
h - Fireball              Conj/Fire      ##........   58%         5    ####...
B - Blink                 Tloc           N/A          4%          2    None


Dungeon Overview and Level Annotations

Branches:
Dungeon (9/15)             Temple (1/1) D:4
   Lair: D:8-11         Orc: D:9-12

Altars:
Ashenzari
Cheibriados
Dithmenos
Elyvilon
Fedhas
Gozag
Hepliaklqana
Kikubaaqudgha
Makhleb
Nemelex Xobeh
Okawaru
Qazlal
Ru
Sif Muna
Trog
Uskayaw
Vehumet
Xom
Yredelemnul
Zin
The Shining One

Annotations:
D:5 Eustachio
D:9 Josephine


Innate Abilities, Weirdness & Mutations

You are partially covered in rugged brown scales. (AC +1, +3% HP)
You are resistant to hostile enchantments. (MR+)
Your spells are a little easier to cast, but a little less powerful.


Message History

Josephine gestures at you while chanting.
The ghostly flame explodes!
The ghostly fireball engulfs you!
You feel drained.
The ghostly fireball engulfs Josephine.
Josephine completely resists.
You hear a hideous shriek!
You hit Josephine.
Josephine is severely wounded.
Josephine points at you and mumbles some strange words.
The ghostly flame explodes!
The ghostly fireball engulfs you!
You feel drained.
* * * LOW HITPOINT WARNING * * *
The ghostly fireball engulfs Josephine.
Josephine completely resists.
You barely miss Josephine.
Josephine is severely wounded.
You puncture Josephine!
Josephine is almost dead.
Josephine hits you but does no damage.
You barely miss Josephine.
Josephine is almost dead.
Josephine casts a spell at you.
The ghostly flame explodes!
The ghostly fireball engulfs you!
You feel drained.
You die...

#.#...##########.###
#.#..>.............#
#.#.################
###.#.########
#............#
#............#
#............#
#.....@......#
#.....@......#
#..((........#
#..<.........#
#............#
.(............#
###............#
#............#
#............#
###########


You could see Josephine.

Vanquished Creatures
  A hydra (D:8)
  2 two-headed ogres (D:8)
  The ghost of KrissDaBro the Carver, a novice BaSk of Makhleb (D:7)
  A necromancer (D:9)
  A troll (D:9)
  2 hippogriffs
  2 dream sheep (D:8)
  2 shadows (D:9)
  A wraith (D:9)
  7 yaks (D:8)
  A hungry ghost (D:8)
  An orc warrior (D:7)
  A black bear (D:9)
  An ice beast (D:5)
  3 sky beasts
  3 ogres
  4 centaurs
  2 big kobolds (D:8)
  6 bullfrogs
  2 wyvern zombies (D:9)
  2 water moccasin skeletons
  2 scorpions
  2 wights (D:9)
  A howler monkey (D:7)
  9 crimson imps (D:8)
  A centaur zombie (D:9)
  4 bullfrog zombies
  A quasit (D:9)
  3 centaur skeletons
  2 orc priests (D:7)
  A jelly (D:7)
  A hound (D:8)
  7 orc wizards
  4 worker ants
  4 hound zombies
  2 hound skeletons
  A worker ant zombie (D:9)
  3 howler monkey skeletons (D:9)
  4 adders
  2 shadow imps (D:7)
  2 adder zombies (D:9)
  3 adder skeletons
  A worm (D:5)
  A dart slug (D:1)
  8 leopard geckos
  19 orcs
  2 giant cockroaches
  8 goblins
  4 hobgoblins
  3 jackals
  4 kobolds
  4 quokkas
  8 bats
  6 frilled lizards
  A jackal skeleton (D:4)
  A leopard gecko zombie (D:9)
  A quokka zombie (D:6)
  5 rats
  A plant (D:8)
182 creatures vanquished.

Vanquished Creatures (collateral kills)
  A hippogriff (D:6)
  A wraith (D:9)
  An orc warrior (D:6)
  3 phantoms
  A big kobold (D:8)
  A scorpion (D:5)
  An electric eel (D:9)
  6 crimson imps
  5 orc priests
  2 hounds
  4 orc wizards
  A bullfrog skeleton (D:9)
  2 jellies
  Jessica (D:2)
  Ijyb (D:5)
  An iguana (D:4)
  3 worker ants
  9 gnolls
  8 adders
  A shadow imp (D:9)
  An ooze (D:3)
  2 worms (D:2)
  2 dart slugs
  A leopard gecko (D:5)
  23 orcs
  A bat (D:3)
  3 giant cockroaches
  2 goblins
  7 hobgoblins
  13 jackals
  A quokka (D:5)
  A frilled lizard (D:2)
  A kobold (D:3)
111 creatures vanquished.

Vanquished Creatures (others)
  5 dream sheep (D:5)
  A bullfrog (D:7)
  A worker ant zombie (D:9)
7 creatures vanquished.

Grand Total: 300 creatures vanquished

Notes
Turn   | Place    | Note
-------+----------+-------------------------------------------
     0 | D:1      | tailblues the Deep Elf Wizard began the quest for the Orb.
     0 | D:1      | Reached XP level 1. HP: 10/10 MP: 7/7
   274 | D:1      | Reached skill level 5 in Spellcasting
   276 | D:1      | Reached XP level 2. HP: 15/15 MP: 7/10
   356 | D:1      | Learned a level 2 spell: Call Imp
   359 | D:1      | Learned a level 2 spell: Blink
  1481 | D:2      | Reached XP level 3. HP: 20/20 MP: 3/11
  1562 | D:2      | Found a hide-covered altar of Uskayaw.
  1562 | D:2      | Found a white marble altar of Elyvilon.
  1601 | D:2      | Found a glowing golden altar of the Shining One.
  2068 | D:2      | Reached skill level 1 in Fighting
  2068 | D:2      | Reached XP level 4. HP: 15/25 MP: 8/13
  2373 | D:2      | Reached skill level 6 in Spellcasting
  2871 | D:2      | Learned a level 3 spell: Conjure Flame
  2929 | D:2      | Noticed Jessica
  2952 | D:2      | Killed Jessica
  3561 | D:2      | Learned a level 3 spell: Mephitic Cloud
  4126 | D:3      | Reached XP level 5. HP: 13/29 MP: 10/15
  4133 | D:3      | Reached skill level 1 in Short Blades
  5680 | D:4      | Reached XP level 6. HP: 25/35 MP: 3/17
  5699 | D:4      | Got a bone trident
  5700 | D:4      | Identified the cursed +1 trident of Vumulinn {pierce, *Corrode rPois rF+ Dex+4} (You found it on level 4 of the Dungeon)
  5844 | D:4      | Got a fine hunting sling
  5845 | D:4      | Identified the cursed +1 hunting sling of Fixation {venom, +Fly} (You found it on level 4 of the Dungeon)
  5908 | D:4      | Reached skill level 7 in Spellcasting
  6200 | D:4      | Found a staircase to the Ecumenical Temple.
  6279 | Temple   | Entered the Ecumenical Temple
  7621 | D:5      | Entered Level 5 of the Dungeon
  7621 | D:5      | Noticed an ice beast
  8053 | D:4      | Reached XP level 7. HP: 40/40 MP: 17/20
  8177 | D:5      | Reached skill level 8 in Spellcasting
  8369 | D:5      | Found a shimmering altar of Xom.
  8369 | D:5      | Noticed a dream sheep
  8369 | D:5      | Noticed a dream sheep
  8369 | D:5      | Noticed a dream sheep
  8369 | D:5      | Noticed a dream sheep
  8369 | D:5      | Noticed a dream sheep
  8374 | D:5      | Killed a dream sheep
  8374 | D:5      | Killed a dream sheep
  8374 | D:5      | Killed a dream sheep
  8376 | D:5      | Killed a dream sheep
  8376 | D:5      | Killed a dream sheep
  8674 | D:5      | Reached skill level 1 in Polearms
  9430 | D:5      | Noticed Eustachio
  9589 | D:5      | Noticed Ijyb
  9621 | D:5      | Killed Ijyb
  9898 | D:6      | Reached XP level 8. HP: 44/45 MP: 18/22
 10263 | D:6      | Reached skill level 9 in Spellcasting
 10664 | D:6      | Reached skill level 5 in Dodging
 10673 | D:6      | Noticed a hippogriff
 10686 | D:6      | Killed a hippogriff
 11565 | D:7      | Reached skill level 1 in Air Magic
 11565 | D:7      | Reached skill level 1 in Poison Magic
 11807 | D:7      | Identified the Compendium of Transmigration
 11914 | D:7      | Noticed KrissDaBro's ghost (novice BaSk)
 12009 | D:7      | Killed KrissDaBro's ghost
 12009 | D:7      | Reached skill level 10 in Spellcasting
 12009 | D:7      | Reached skill level 5 in Summonings
 12009 | D:7      | Reached XP level 9. HP: 49/49 MP: 9/25
 12377 | D:7      | Reached skill level 5 in Stealth
 12499 | D:7      | Found a deep blue altar of Sif Muna.
 12502 | D:7      | Became a worshipper of Sif Muna the Loreminder
 12582 | D:8      | Gained mutation: You are resistant to hostile enchantments. (MR+) [mutagenic meat]
 12584 | D:8      | Gained mutation: Your spells are a little easier to cast, but a little less powerful. [mutagenic meat]
 12585 | D:8      | Gained mutation: You are partially covered in rugged brown scales. (AC +1, +3% HP) [mutagenic meat]
 12795 | D:8      | Noticed a two-headed ogre
 12870 | D:8      | Reached skill level 1 in Bows
 13099 | D:8      | Killed a two-headed ogre
 14064 | D:8      | Found a radiant altar of Vehumet.
 14132 | D:8      | Noticed a two-headed ogre
 14154 | D:8      | Killed a two-headed ogre
 14154 | D:8      | Reached * piety under Sif Muna
 14154 | D:8      | Reached skill level 11 in Spellcasting
 14154 | D:8      | Reached skill level 1 in Fire Magic
 14154 | D:8      | Reached XP level 10. HP: 57/57 MP: 4/27
 14543 | D:8      | Noticed a three-headed hydra
 14637 | D:8      | Killed a three-headed hydra
 14637 | D:8      | Reached skill level 5 in Bows
 15213 | D:8      | You fall through a shaft!
 15840 | D:9      | Noticed a necromancer
 15997 | D:9      | Learned a level 3 spell: Confuse
 16002 | D:9      | Learned a level 4 spell: Sticky Flame
 16005 | D:9      | Learned a level 2 spell: Throw Flame
 16422 | D:9      | Reached ** piety under Sif Muna
 16598 | D:9      | Killed a necromancer
 16598 | D:9      | Reached skill level 1 in Hexes
 16810 | D:9      | Reached skill level 12 in Spellcasting
 17044 | D:9      | Reached XP level 11. HP: 61/61 MP: 13/29
 18012 | D:9      | Learned a level 5 spell: Fireball
 18365 | D:9      | Noticed Josephine
 18396 | D:9      | Killed from afar by Josephine

Skill      XL: |  1  2  3  4  5  6  7  8  9 10 11 |
---------------+----------------------------------+-----
Spellcasting   | 5 6 7 8 10 11 12 | 12.1
Fighting       | 1 2 3 |  3.9
Summonings     | 2 3 4 5 |  5.6
Short Blades   | 1 2 3 |  3.5
Dodging        | 3 4 6 7 8 |  8.6
Stealth        | 3 4 5 |  5.7
Conjurations   | 2 3 4 |  4.5
Polearms       | 1 |  1.2
Air Magic      | 1 2 |  2.8
Poison Magic   | 1 2 |  2.6
Translocations | 2 3 |  3.1
Bows           | 4 6 7 |  7.0
Fire Magic     | 1 2 |  2.9
Hexes          | 1 |  1.5
Evocations     | |  0.2

Action                   |  1- 3 |  4- 6 |  7- 9 | 10-12 || total
-------------------------+-------+-------+-------+-------++-------
Melee: Dagger            |       |   107 |    48 |       ||   155
       Trident           |       |    11 |   100 |       ||   111
       Rapier            |       |       |   181 |   154 ||   335
 Fire: Shortbow          |       |       |   131 |   298 ||   429
 Cast: Magic Dart        |    39 |    51 |    50 |    57 ||   197
       Call Imp          |    25 |    75 |    96 |    21 ||   217
       Mephitic Cloud    |       |    12 |    48 |    22 ||    82
       Blink             |       |     4 |    16 |    12 ||    32
       Conjure Flame     |       |     7 |    35 |    68 ||   110
       Throw Flame       |       |       |       |    19 ||    19
       Sticky Flame      |       |       |       |    21 ||    21
       Confuse           |       |       |       |     6 ||     6
       Fireball          |       |       |       |     3 ||     3
Evoke: Wand              |       |       |     9 |       ||     9
  Use: Scroll            |     3 |     9 |     6 |     3 ||    21
       Potion            |       |     2 |     1 |     2 ||     5
 Stab: Sleeping          |       |     3 |     7 |       ||    10
       Distracted        |       |     1 |     4 |       ||     5
       Confused          |       |     1 |    13 |     3 ||    17
  Eat: Chunk             |     3 |    18 |    17 |     5 ||    43
       Fruit             |       |     1 |     4 |     3 ||     8
       Meat ration       |       |       |     1 |       ||     1
       Bread ration      |       |       |       |     1 ||     1
Armor: Robe              |     1 |    21 |    87 |    62 ||   171
Dodge: Dodged            |    22 |    84 |   235 |   181 ||   522
